 Dungeon Sprint DCSS version 0.27.1-3-gb3d3a73c9e (webtiles) character file.

Game seed: 438355395782908591

2211 raph the Grappler (level 9, -7/147 HPs)
             Began as a Troll Berserker on Oct 9, 2021.
             Was an Elder of Trog.
             Engulfed by an ice statue's freezing vapour (23 damage)
             ... in the Dungeon (Sprint II: "The Violet Keep of Menkaure").
             The game lasted 00:03:02 (688 turns).

raph the Grappler (Troll Berserker)                  Turns: 688, Time: 00:03:02

Health: -7/147     AC:  5    Str: 28    XL:     9   Next: 13%
Magic:  8/8        EV: 18    Int:  3    God:    Trog [****..]
Gold:   29         SH:  0    Dex: 15    Spells: 8/8 levels left

rFire    . . .     SeeInvis .     - Unarmed
rCold    . . .     Faith    .   (no shield)
rNeg     . . .     Spirit   .   h - +0 robe "Veiss" {rPois Slay+3}
rPois    +         Reflect  .   i - +2 hat
rElec    .         Harm     .   (no cloak)
rCorr    .         Rampage  .   (gloves unavailable)
Will     ++...     Rnd*Rage +   (boots unavailable) Stlth ..........NoTele +
                                (no amulet)
HPRegen  2.34/turn              j - ring "Facvet" {EV+4 Dex+4}
MPRegen  0.11/turn              (no ring)

@: berserking, strong-willed, regenerating, very quick
A: large, unfitting armour, claws 3, regeneration 1, shaggy fur 1, tough skin 1,
berserk 1, deformed body
a: Renounce Religion, Berserk, Trog's Hand, Brothers in Arms


You were in the Dungeon.
You worshipped Trog.
Trog was greatly pleased with you.
You visited 1 branch You collected 988 gold pieces.
You spent 959 gold pieces at shops.

Inventory:

Armour
 a - a +0 animal skin
 h - the +0 robe "Veiss" (worn) {rPois Slay+3}
   (You bought it in a shop in the Dungeon)

   Slay:      It affects your accuracy & damage with ranged weapons and melee
   (+3).
   rPois:     It protects you from poison.
 i - a +2 hat (worn)
Jewellery
 j - the ring "Facvet" (left claw) {EV+4 Dex+4}
   (You bought it in a shop in the Dungeon)

   [ring of evasion]

   EV:        It affects your evasion (+4).
   Dex:       It affects your dexterity (+4).
Scrolls
 g - a scroll of blinking
Potions
 b - a potion of curing
 d - a potion of haste
 e - 2 potions of magic
 f - a potion of berserk rage


   Skills:
 + Level 9.2 Fighting
 + Level 9.2 Dodging
 * Level 14.4 Unarmed Combat


You had 8 spell levels left.
You didn't know any spells.
Your spell library was empty.

Dungeon Overview and Level Annotations

Branches:
Dungeon (1/1)

Altars:

Shops:
D [!:=:!?[!=:=(:[

Annotations:
D exclusions: ice statue and oklob plant, Roxanne


Innate Abilities, Weirdness & Mutations

You are too large for most types of armour.
You have claws for hands.
Your natural rate of healing is unusually fast.
You are covered in fur. (AC +1)
You have tough skin. (AC +1)
You tend to lose your temper in combat.
Armour fits poorly on your strangely shaped body.


Message History

The ice statue gestures.
Really walk into a travel-excluded area?
Really walk into that cloud of freezing vapour? [Y]es or [N]o only, please.
Really walk into that cloud of freezing vapour?
You are engulfed in freezing vapours.
You closely miss the ice beast. The ice beast closely misses you.
Your skin crawls.
You feel strong-willed. The ice beast completely misses you.
You fail to use your ability.
The ice statue gestures at you.
The freezing blast engulfs the ice beast.
The ice beast completely resists.
The ice beast misses you.
You are engulfed in freezing vapours.
The ice statue gestures at you. The freezing blast misses you.
The ice beast closely misses you. The ice statue gestures at you.
The freezing blast engulfs you!!
You are engulfed in freezing vapours.
* * * LOW HITPOINT WARNING * * *
The ice beast barely misses you.
There is an open gate here.
You fail to use your ability.
You are engulfed in freezing vapours.
* * * LOW HITPOINT WARNING * * *
The ice beast hits you but does no damage.
You fail to use your ability.
The ice beast barely misses you. The ice statue gestures at you.
The freezing blast engulfs you.
* * * LOW HITPOINT WARNING * * *
You feel much better.
You are engulfed in freezing vapours.
* * * LOW HITPOINT WARNING * * *
The ice beast hits you.
* * * LOW HITPOINT WARNING * * *
The ice beast freezes you.
* * * LOW HITPOINT WARNING * * *
A red film seems to cover your vision as you go berserk!
You feel yourself moving faster!
You feel mighty!
You are engulfed in freezing vapours.
You die...

##.∩.....∩'≈'###'.<.'##.'..#
##∩.......#≈#.#.##.###..#....#
#▓▓▓▓▓▓▓###≈##.###'# #.##...§..≈
##$DG######≈≈####.#.####≈§.....§
#?GG#G( ##≈≈≈#..##.# ≈§≈§≈..≈
#∩PG+.$#+ #†#≈##..### ≈≈≈≈§§.≈
#(..#?##≈ #.#≈○##+##≈≈≈≈≈≈§≈≈≈≈
#($.###§§ ####§Y≈≈≈≈≈≈ ≈≈≈§≈≈≈
##+###§§§ #@°'#+++# #....○○○#
.°○○°°.○° ..☼°°8.○.. ##○○○○°.°☼.
##○○°...○# ####+####


You could see an ice statue and an ice beast (summoned).

Vanquished Creatures
  2 boulder beetles (D)
  A blink frog (D)
  2 wyverns (D)
  2 neqoxecs (D)
  A water moccasin (D)
  3 worms (D)
11 creatures vanquished.

Vanquished Creatures (others)
  A neqoxec (D)
  Menkaure (D)
  A water moccasin (D)
3 creatures vanquished.

Grand Total: 14 creatures vanquished

Notes
Turn   | Place    | Note
-------+----------+-------------------------------------------
     0 | D        | raph the Troll Berserker began the quest for the Orb.
     0 | D        | Reached XP level 1. HP: 22/22 MP: 0/0
     1 | D        | Noticed a wyvern
     1 | D        | Noticed a wyvern
     6 | D        | Killed a wyvern
     7 | D        | Reached skill level 7 in Unarmed Combat
     7 | D        | Reached XP level 2. HP: 29/33 MP: 1/1
     7 | D        | Reached XP level 3. HP: 36/41 MP: 2/2
     7 | D        | Reached XP level 4. HP: 44/49 MP: 3/3
     7 | D        | Reached XP level 5. HP: 49/55 MP: 4/4
    14 | D        | HP: 2/82 [wyvern (5)]
    15 | D        | Killed a wyvern
    16 | D        | Reached skill level 5 in Fighting
    16 | D        | Reached skill level 5 in Dodging
    16 | D        | Reached skill level 9 in Unarmed Combat
    16 | D        | Reached XP level 6. HP: 3/67 MP: 5/5
    31 | D        | Killed a water moccasin
    35 | D        | Killed Menkaure
    75 | D        | Noticed a boulder beetle
    75 | D        | Noticed a boulder beetle
    87 | D        | Reached ** piety under Trog
   212 | D        | Noticed a neqoxec
   212 | D        | Gained mutation: Armour fits poorly on your strangely
                  | shaped body. [a neqoxec]
   218 | D        | Killed a neqoxec
   219 | D        | Reached skill level 10 in Unarmed Combat
   267 | D        | Killed a neqoxec
   274 | D        | Noticed a neqoxec
   280 | D        | Gained mutation: You tend to lose your temper in combat. [a
                  | neqoxec]
   283 | D        | Killed a neqoxec
   283 | D        | Reached *** piety under Trog
   284 | D        | Reached skill level 11 in Unarmed Combat
   284 | D        | Reached XP level 7. HP: 76/76 MP: 6/6
   341 | D        | Identified Roxanne's Disquisition on the Rocks
   341 | D        | Noticed Roxanne
   373 | D        | Found Pitiuz's Book Shoppe.
   373 | D        | Found Luanuwk's Armour Emporium.
   374 | D        | Found Vexoaress's Jewellery Emporium.
   374 | D        | Found Siachiac's Antique Weapon Shoppe.
   375 | D        | Found Lutud's Jewellery Shoppe.
   375 | D        | Found Agaclogu's Book Emporium.
   394 | D        | Killed a boulder beetle
   395 | D        | Reached skill level 13 in Unarmed Combat
   395 | D        | Reached XP level 8. HP: 88/88 MP: 7/7
   452 | D        | Killed a boulder beetle
   453 | D        | Reached skill level 14 in Unarmed Combat
   453 | D        | Reached XP level 9. HP: 98/98 MP: 8/8
   504 | D        | Found Loheygre's Antique Armour Shoppe.
   504 | D        | Found Gaeted's Distillery.
   505 | D        | Found Osaher's Magic Scroll Shoppe.
   505 | D        | Found Fept's Distillery.
   507 | D        | Found Coal Roff's Book Shoppe.
   507 | D        | Found Atorataa's Jewellery Emporium.
   507 | D        | Noticed an ice dragon
   507 | D        | Noticed an oklob plant
   508 | D        | Found Tishreu's Distillery.
   508 | D        | Found Vyodips's Antique Armour Emporium.
   508 | D        | Found Ruocoj's Book Shoppe.
   509 | D        | Noticed a shining eye
   511 | D        | Bought the +0 robe "Veiss" {rPois Slay+3} for 269 gold
                  | pieces
   521 | D        | Bought a +2 hat for 176 gold pieces
   526 | D        | Noticed a shining eye
   530 | D        | Bought the ring "Facvet" {EV+4 Dex+4} for 514 gold pieces
   532 | D        | Noticed a great orb of eyes
   534 | D        | Noticed a shining eye
   567 | D        | Reached **** piety under Trog
   669 | D        | Noticed an ice statue
   688 | D        | Engulfed by an ice statue's freezing vapour

Illustrated notes

Levels and vault maps discovered:
D:        the_violet_keep_of_menkaure [sprint2_stairs_cluster_1,
          sprint2_shoproom, sprint2_temple, sprint2_basic_supplies,
          sprint2_obstacle_2, sprint2_obstacle_5, sprint2_obstacle_6,
          sprint2_obstacle_4, sprint2_obstacle_1, sprint2_timed_cluster_1,
          sprint2_smallroom_cluster_1, sprint2_smallroom_final_cluster_1,
          sprint2_transparent_cluster_1, sprint2_second_timed_cluster_1,
          sprint2_sniper_area_1, sprint2_heavy_combat_area_1,
          sprint2_mutation_trap_area_1, sprint2_forest_area_1,
          sprint2_light_combat_area_1, sprint2_behind_water_1,
          sprint2_near_end_vault_1]

Skill      XL: |  1  2  3  4  5  6  7  8 |
---------------+-------------------------+-----
Fighting       | 4 5 6 8 9 |  9.2
Dodging        | 4 5 6 8 9 |  9.2
Unarmed Combat | 7 9 11 13 14 | 14.4

Action                   |  1- 3 |  4- 6 |  7- 9 || total
-------------------------+-------+-------+-------++-------
Melee: Unarmed           |     4 |    28 |    23 ||    55
       Punch             |       |     2 |       ||     2
Invok: Berserk           |     1 |     2 |     3 ||     6
       Trog's Hand       |       |     1 |     1 ||     2
  Use: Potion            |       |       |     1 ||     1
Armor: Animal skin       |       |     2 |       ||     2
       Robe              |       |       |     2 ||     2
Dodge: Dodged            |     2 |     3 |    15 ||    20
